 Dungeon Crawl Stone Soup version 0.22-a0-571-g4a923d4b9e (webtiles) character file.

145 Kholdaimon the Charlatan (level 5, 0/26 HPs)
             Began as a Spriggan Artificer on July 1, 2018.
             Killed from afar by an orc wizard (9 damage)
             ... with a magic dart
             ... on level 3 of the Dungeon.
             The game lasted 00:26:22 (5307 turns).

Kholdaimon the Charlatan (Spriggan Artificer)       Turns: 5307, Time: 00:26:23

Health: 0/26       AC:  2    Str:  9    XL:     5   Next: 6%
Magic:  9/9        EV: 19    Int: 12    God:
Gold:   126        SH:  0    Dex: 17    Spells: 4/4 levels left

rFire    . . .     SeeInvis +   o - +0 hunting sling
rCold    . . .     Gourm    .   (shield restricted)
rNeg     . . .     Faith    .   b - +0 robe
rPois    .         Spirit   .   (helmet restricted)
rElec    .         Reflect  .   (no cloak)
rCorr    .         Harm     .   (gloves unavailable)
MR       .....                  (boots unavailable)
Stlth    +++.......             (no amulet)
HPRegen  0.08/turn              (no ring)
MPRegen  0.11/turn              (no ring)

@: very quick
A: very small, unfitting armour, see invisible, herbivore, speed 3, slow
metabolism 2
a: no special abilities


You were on level 3 of the Dungeon.
You were not hungry.

You visited 1 branch of the dungeon, and saw 3 of its levels.

You collected 126 gold pieces.

Inventory:

Hand Weapons
 i - a +1 dagger of venom
 o - a +0 hunting sling (weapon)
Missiles
 h - 5 stones (quivered)
 l - 36 sling bullets
 n - 21 arrows
 s - 3 tomahawks of returning
Armour
 b - a +0 robe (worn)
Wands
 d - a wand of enslavement (15)
 e - a wand of random effects (15)
Scrolls
 a - 3 scrolls of teleportation {unknown}
 g - 4 scrolls of remove curse {unknown}
 k - 3 scrolls of identify {unknown}
Potions
 j - a potion of lignification {unknown}
 m - a potion of brilliance
 p - 2 potions of resistance {unknown}
 q - a potion of magic {unknown}
 r - 2 potions of heal wounds {unknown}
Comestibles
 f - 4 rations


   Skills:
 + Level 1.8 Fighting
 + Level 2.3 Short Blades
 + Level 1.0 Slings
 + Level 4.2 Dodging
 + Level 3.5 Stealth
 + Level 5.0 Evocations


You had 4 spell levels left.
You didn't know any spells.
Your spell library was empty.

Dungeon Overview and Level Annotations

Branches:
Dungeon (3/15)

Altars:


Innate Abilities, Weirdness & Mutations

You are very small and have problems with some larger weapons.
You are too small for most types of armour.
You have supernaturally acute eyesight. (SInv)
You are a herbivore.
You cover ground extremely quickly.
You need to consume almost no food.


Message History

Firing (i - inventory. (/) - cycle)
h - 7 stones (quivered)
Press: ? - help, Shift-Dir - straight line, f/p - orc wizard
Aim: an orc wizard, wielding a dagger and wearing a robe (moderately wounded, fast)
You shoot a stone.
The stone closely misses the orc wizard.
The orc wizard gestures at you while chanting.
The magic dart hits you!
Firing (i - inventory. (/) - cycle)
h - 6 stones (quivered)
Press: ? - help, Shift-Dir - straight line, f/p - orc wizard
Aim: an orc wizard, wielding a dagger and wearing a robe (moderately wounded, fast)
You shoot a stone. The stone hits the orc wizard.
The orc wizard is moderately wounded.
Firing (i - inventory. (/) - cycle)
h - 5 stones (quivered)
Press: ? - help, Shift-Dir - straight line, f/p - orc wizard
Aim: an orc wizard, wielding a dagger and wearing a robe (moderately wounded, fast)
Okay, then.
You see here a club.
The orc wizard points at you and mumbles some strange words.
The magic dart hits you!
You die...

############(# #(# #.#
############.#
#...)........#
#o############ #.# #.#
###### #@# #....# #.#
###..# #.# #.<..# #.#
##)..# #.########## #.).#
#..........#
#...###################.#
#...................#
#.######.
#...)##############.#
#....)..<


You could see an orc wizard.

Vanquished Creatures
  2 orc wizards (D:3)
  2 adders (D:2)
  An ooze (D:2)
  2 worms (D:2)
  A leopard gecko (D:1)
  11 orcs (D:3)
  4 bats
  4 giant cockroaches
  6 goblins
  9 hobgoblins
  7 jackals (D:1)
  A quokka (D:2)
  2 frilled lizards
  6 kobolds
  A quokka zombie (D:3)
  8 rats
67 creatures vanquished.

Notes
Turn   | Place    | Note
-------+----------+-------------------------------------------
     0 | D:1      | Kholdaimon the Spriggan Artificer began the quest for the Orb.
     0 | D:1      | Reached XP level 1. HP: 9/9 MP: 4/4
   233 | D:1      | Reached skill level 1 in Fighting
   351 | D:1      | Reached XP level 2. HP: 3/14 MP: 6/6
  1799 | D:1      | Reached XP level 3. HP: 18/18 MP: 7/7
  3422 | D:2      | Reached XP level 4. HP: 17/22 MP: 8/8
  4832 | D:3      | Reached skill level 1 in Slings
  4832 | D:3      | Reached skill level 5 in Evocations
  4832 | D:3      | Reached XP level 5. HP: 2/26 MP: 9/9
  5307 | D:3      | Killed from afar by an orc wizard

Vault maps used:
D:1:      minmay_arrival_four_houses
D:2:      first_ration
D:3:      uniq_terence

Skill      XL: |  1  2  3  4 |
---------------+-------------+-----
Fighting       | 1 |  1.8
Stealth        | 2 3 |  3.5
Short Blades   | 2 |  2.3
Dodging        | 4 |  4.2
Slings         | 1 |  1.0
Evocations     | 5 |  5.0

Action                   |  1- 3 |  4- 6 || total
-------------------------+-------+-------++-------
Melee: Short sword       |    79 |       ||    79
       Dagger            |    44 |     4 ||    48
 Fire: Hunting sling     |    17 |   121 ||   138
Throw: Stone             |     7 |       ||     7
Evoke: Wand              |    14 |     1 ||    15
  Use: Potion            |       |     1 ||     1
 Stab: Sleeping          |     3 |     2 ||     5
  Eat: Ration            |       |     1 ||     1
Armor: Robe              |    12 |     1 ||    13
Dodge: Dodged            |   106 |     9 ||   115

Table legend:
 A = Spawn XP
 B = Non-spawn XP
 C = Spawn XP percentage of total XP
 D = Spawn monster count
 E = Non-spawn monster count
 F = Spawn count percentage of total count
 G = Total turns spent on level
                    A         B        C        D         E        F      G
               +---------+---------+-------+---------+---------+-------+---------
         Total |       0 |     208 |   0.0 |       0 |      67 |   0.0 |  5307
               +---------+---------+-------+---------+---------+-------+---------
           D:1 |       0 |      43 |   0.0 |       0 |      25 |   0.0 |  2570
           D:2 |       0 |      74 |   0.0 |       0 |      23 |   0.0 |  1468
           D:3 |       0 |      91 |   0.0 |       0 |      19 |   0.0 |  1269
               +---------+---------+-------+---------+---------+-------+---------
